 Dungeon Crawl Stone Soup version 0.24-a0-537-g2d01d4ab0a (webtiles) character file.

Game seed: 14302848170026973129

37 Mithandil the Conjurer (level 3, -2/14 HPs)
             Began as a Felid Conjurer on Aug 16, 2019.
             Slain by an orc
             ... wielding a +0 club
              (5 damage)
             ... on level 3 of the Dungeon.
             The game lasted 00:06:16 (1643 turns).

Mithandil the Conjurer (Felid Conjurer)             Turns: 1643, Time: 00:06:16

Health: -2/14      AC:  1    Str:  4    XL:     3   Next: 23%
Magic:  2/7        EV: 18    Int: 17    God:
Gold:   63         SH:  0    Dex: 16    Spells: 4/7 levels left
                                        Lives:  0   Deaths: 0

rFire    . . .     SeeInvis +   (weapon unavailable)
rCold    . . .     Gourm    .   (shield unavailable)
rNeg     . . .     Faith    .   (armour unavailable)
rPois    .         Spirit   .   (helmet unavailable)
rElec    .         Reflect  .   (cloak unavailable)
rCorr    .         Harm     .   (gloves unavailable)
MR       .....                  (boots unavailable)
Stlth    +++.......             (no amulet)
HPRegen  0.04/turn              (no ring)
MPRegen  0.10/turn              (no ring)

@: quick
A: very small, no armour, no weapons or thrown items, stealth, claws 1, fangs 3,
see invisible, carnivore, speed 1, shaggy fur 1, slow metabolism 1, sharp paws
a: no special abilities


You were on level 3 of the Dungeon.
You were completely stuffed.

You visited 1 branch of the dungeon, and saw 3 of its levels.

You collected 63 gold pieces.

Inventory:

Scrolls
 a - a scroll of identify
 c - a scroll of fog {unknown}
 d - a scroll of amnesia {unknown}
 e - a scroll of remove curse
 g - a scroll of noise {unknown}
Potions
 f - 2 potions of brilliance {unknown}
Comestibles
 b - 2 rations
 h - a chunk of flesh


   Skills:
 + Level 3.2 Dodging
 + Level 3.1 Stealth
 * Level 2.5 Spellcasting
 * Level 4.0 Conjurations


You had 4 spell levels left.
You knew the following spells:

 Your Spells              Type           Power        Failure   Level  Hunger
a - Magic Dart            Conj           ###.         3%          1    #......
b - Searing Ray           Conj           ###...       5%          2    ##.....

Your spell library contained the following spells:

 Spells                   Type           Power        Failure   Level  Hunger
 Dazzling Spray           Conj/Hex       #.....       24%         3    ###....
 Iskenderun's Mystic Bla  Conj           ###.....     34%         4    #####..
 Force Lance              Conj/Tloc      #.......     63%         4    #####..
 Fulminant Prism          Conj/Hex       #.........   63%         4    #####..


Dungeon Overview and Level Annotations

Branches:
Dungeon (3/15)

Altars:


Innate Abilities, Weirdness & Mutations

You cannot wear armour.
You are incapable of wielding weapons or throwing items.
Your paws allow you to move quietly. (Stealth)
You have sharp claws.
You have razor-sharp teeth.
You have supernaturally acute eyesight. (SInv)
You are carnivorous and can eat meat at any time.
You cover ground quickly.
You are covered in fur. (AC +1)
You have a slow metabolism.
Your sharp claws are effective at attacking unaware monsters.


Message History

The orc completely misses you.
You scratch the orc but do no damage.
The orc is heavily wounded.
The orc misses you.
You scratch the orc but do no damage.
The orc is heavily wounded.
The orc completely misses you.
You scratch the orc but do no damage.
The orc is heavily wounded.
The orc hits you with a +0 club.
* * * LOW HITPOINT WARNING * * *
You scratch the orc but do no damage.
The orc is heavily wounded.
The orc barely misses you.
You scratch the orc.
The orc is severely wounded.
You barely miss the orc. You bite the orc, but do no damage.
The orc is severely wounded.
The orc hits you with a +0 club.
You die...

#. #. #.
##. ..##
.b# #o#
#@# #.#
#.# #.#
##.##
#...######
#.<.......
#...######
#####


You could see an orc and a bat.

Vanquished Creatures
  An adder (D:3)
  2 dart slugs (D:1)
  A leopard gecko (D:1)
  3 bats (D:1)
  3 hobgoblins (D:1)
  A jackal (D:1)
  A quokka (D:2)
  3 frilled lizards
  3 goblins (D:1)
  4 kobolds (D:1)
  A rat (D:1)
23 creatures vanquished.

Notes
Turn   | Place    | Note
-------+----------+-------------------------------------------
     0 | D:1      | Mithandil the Felid Conjurer began the quest for the Orb.
     0 | D:1      | Reached XP level 1. HP: 7/7 MP: 4/4
   164 | D:1      | Reached XP level 2. HP: 4/11 MP: 0/6
   168 | D:1      | Learned a level 2 spell: Searing Ray
  1597 | D:2      | Reached XP level 3. HP: 14/14 MP: 4/7
  1622 | D:3      | Reached skill level 4 in Conjurations
  1643 | D:3      | Slain by an orc

Levels and vault maps discovered:
D:1:      mrwooster_arrival_statue, layout_basic, serial_glass, glass_columns_c,
          glass_columns_b, minivault_14, minmay_misc_feat_alley, minmay_bisected
D:2:      layout_basic, uniq_robin, uniq_natasha, uniq_sigmund
D:3:      layout_loops_ring, lightli_temple_of_fire, portal_sewer_entry_f,
          kennysheep_okawaru_gauntlet

Skill      XL: |  1  2  3 |
---------------+----------+-----
Dodging        | 3 |  3.2
Stealth        | 3 |  3.1
Conjurations   | 4 |  4.0
Spellcasting   | |  2.5

Action                   || total
-------------------------++-------
Melee: Unarmed           ||    38
       Bite              ||     6
 Cast: Magic Dart        ||    52
       Searing Ray       ||     1
  Use: Potion            ||     3
       Scroll            ||     2
  Eat: Chunk             ||     9
Armor: Skin              ||     3
Dodge: Dodged            ||    29

Table legend:
 A = Non-vault XP
 B = Vault XP
 C = Vault XP percentage of total XP
 D = Non-vault monster count
 E = Vault monster count
 F = Vault count percentage of total count
                 A         B        C        D         E       F
            +---------+---------+-------+---------+---------+-------
      Total |      47 |       7 |  13.0 |      20 |       3 |  13.0
            +---------+---------+-------+---------+---------+-------
        D:1 |      31 |       7 |  18.4 |      17 |       3 |  15.0
        D:2 |       3 |       0 |   0.0 |       2 |       0 |   0.0
        D:3 |      13 |       0 |   0.0 |       1 |       0 |   0.0
            +---------+---------+-------+---------+---------+-------
